Map: Blackpink LE

Players

HeRoMaRinE - Winner!

  • Race: Terran Terran
  • Spawn Location: 7:00

Light

  • Race: Protoss Protoss
  • Spawn Location: 1:00

Event: IEM Season 12 - Katowice

VOD

Have the link to the VOD?

Description

Time

  • Played on: Feb. 27, 2018, 4:11 a.m.
  • Length: 9:18

All games in this series

Show
View Real Time Build Order
Export as new Build Order

HeRoMaRinE Terran - Winner!

Build Orders: Gas First Reaper Expand, Liberator Opening, Reaper Expand, MMM Bio 

Get SALT Encoding   

  12  0:00  SCV  
  13  0:13  SCV  
  14  0:17  Supply Depot  
  14  0:25  SCV  
  15  0:28  Refinery  
  15  0:39  SCV  
  16  0:45  Barracks  
  16  0:51  SCV  
  17  1:03  SCV  
  18  1:15  SCV  
  19  1:32  Reaper, Orbital Command  
  20  1:42  Command Center  
  20  1:52  Factory  
  20  1:57  SCV  
  21  2:06  Barracks Reactor  
  21  2:08  Supply Depot  
  21  2:10  SCV  
  21  2:14  Refinery  
  22  2:22  SCV  
  23  2:34  SCV  
  24  2:43  Starport  
  24  2:46  SCV  
  24  2:47  Hellion  
  24  2:48  Hellion  
  29  2:55  Orbital Command  
  30  2:58  SCV  
  30  3:09  Hellion x2  
  30  3:10  SCV  
  35  3:18  Medivac  
  37  3:21  SCV  
  37  3:22  SCV  
  39  3:30  Hellion x2  
  39  3:33  Supply Depot, Liberator  
  43  3:38  Barracks Tech Lab  
  45  3:55  Supply Depot, SCV x2  
  48  4:02  Barracks  
  48  4:04  Siege Tank  
  48  4:07  SCV x2  
  48  4:08  Marine  
  54  4:14  Marine  
  53  4:19  SCV x2  
  55  4:26  Engineering Bay  
  55  4:28  Barracks  
  55  4:32  SCV  
  55  4:35  Marine x2  
  55  4:36  Siege Tank  
  53  4:43  SCV  
  53  4:44  SCV  
  50  4:49  Barracks Tech Lab  
  50  4:53  Marine x2  
  50  4:55  SCV  
  50  4:56  SCV  
  54  5:02  Bunker  
  54  5:03  Missile Turret  
  54  5:04  Refinery  
  54  5:07  SCV  
  54  5:08  SCV, Stimpack  
  54  5:09  Marine  
  54  5:11  Marine x2  
  59  5:19  SCV, Factory Reactor  
  59  5:20  SCV  
  61  5:29  Supply Depot, Marine  
  61  5:31  Marine  
  61  5:32  SCV x2, Marauder, Combat Shields  
  61  5:33  Marauder  
  69  5:38  Refinery  
  69  5:44  Terran Infantry Weapons Level 1  
  69  5:45  Supply Depot  
  69  5:48  Supply Depot, Marine  
  70  5:50  Marine  
  70  5:53  Marauder  
  70  5:55  Marauder  
  75  6:02  Factory Reactor  
  75  6:03  Barracks  
  75  6:04  Barracks  
  75  6:07  Supply Depot  
  75  6:10  Marine x2  
  77  6:16  Missile Turret  
  77  6:17  Marauder x2  
  81  6:26  Medivac x2  
  81  6:30  Supply Depot, Marine x2  
  87  6:38  Marauder  
  87  6:39  Marauder  
  91  6:42  Supply Depot  
  91  6:48  Marine x2  
  91  6:50  Factory Reactor  
  91  6:51  Concussive Shells  
  91  6:52  Barracks Tech Lab  
  93  6:56  Medivac x2  
  93  6:59  Marine  
  93  7:00  Marine, Marauder x2  
  103  7:06  Marine x2  
  105  7:12  Marauder  
  105  7:14  Liberator x2  
  107  7:17  Marine x2  
  107  7:21  Supply Depot, Marauder  
  111  7:23  Supply Depot  
  111  7:37  Marauder x2  
  99  7:51  Marauder  
  99  7:54  Marine x2  
  99  7:58  Marauder x2  
  99  8:05  Liberator  
  99  8:07  Marine x2, Liberator  
  99  8:13  Marauder  
  99  8:16  Marine x2  
  99  8:19  Marauder  
  93  8:27  Command Center, Marauder  
  100  8:32  Marine  
  101  8:34  Marine, Marauder  
  101  8:41  Marine, Marauder  
  106  8:43  Marine  
  106  8:48  Marauder  
  110  8:52  Marine  
  113  8:56  Marauder  
Show
View Real Time Build Order
Export as new Build Order

Light Protoss 

Build Orders: 1 Gate Expand, Blink Stalkers 

Get SALT Encoding   

  12  0:00  Probe  
  13  0:12  Probe  
  14  0:18  Pylon  
  14  0:24  Probe  
  15  0:36  Probe  
  15  0:39  Gateway  
  16  0:46  Assimilator  
  16  0:48  Probe  
  17  1:01  Probe (Chrono Boost)  
  18  1:13  Probe (Chrono Boost)  
  19  1:20  Probe (Chrono Boost)  
  20  1:27  Nexus  
  20  1:31  Probe  
  21  1:45  Probe, Cybernetics Core  
  22  1:53  Pylon  
  22  1:57  Assimilator  
  22  2:00  Probe (Chrono Boost)  
  23  2:12  Probe (Chrono Boost)  
  24  2:18  Stalker (Chrono Boost)  
  24  2:21  Probe (Chrono Boost)  
  24  2:22  Warp Gate  
  27  2:26  Probe  
  28  2:35  Twilight Council  
  28  2:41  Stalker  
  28  2:44  Probe x2 (Chrono Boost)  
  32  2:54  Probe (Chrono Boost)  
  32  2:55  Probe (Chrono Boost)  
  34  2:59  Probe  
  34  3:04  Probe  
  36  3:05  Blink (Chrono Boost)  
  36  3:12  Probe  
  37  3:16  Probe, Stalker  
  40  3:22  Pylon  
  40  3:24  Probe  
  41  3:28  Probe  
  42  3:36  Probe  
  42  3:40  Probe  
  44  3:43  Gateway  
  44  3:46  Stalker  
  44  3:47  Gateway  
  46  3:53  Probe x2  
  48  3:59  Robotics Facility  
  48  4:03  Pylon  
  48  4:05  Probe  
  39  4:18  Probe (Chrono Boost)  
  39  4:23  Probe (Chrono Boost)  
  38  4:28  Probe (Chrono Boost)  
  31  4:33  Probe (Chrono Boost)  
  31  4:35  Probe  
  28  4:45  Probe  
  28  4:47  Probe  
  28  4:50  Robotics Bay  
  31  4:53  Observer  
  31  4:59  Stalker  
  35  5:00  Probe (Chrono Boost)  
  35  5:02  Probe (Chrono Boost)  
  35  5:07  Stalker  
  35  5:09  Probe (Chrono Boost)  
  35  5:12  Probe (Chrono Boost)  
  39  5:14  Probe (Chrono Boost)  
  39  5:22  Probe (Chrono Boost)  
  41  5:29  Probe (Chrono Boost)  
  41  5:34  Probe (Chrono Boost)  
  42  5:38  Assimilator  
  42  5:42  Probe x2 (Chrono Boost)  
  44  5:46  Observer  
  44  5:48  Probe  
  45  5:50  Probe  
  47  6:02  Probe (Chrono Boost)  
  49  6:04  Probe (Chrono Boost), Assimilator  
  49  6:07  Disruptor (Chrono Boost)  
  53  6:13  Probe (Chrono Boost)  
  53  6:16  Probe (Chrono Boost)  
  53  6:17  Probe (Chrono Boost)  
  54  6:22  Pylon  
  54  6:25  Probe  
  55  6:28  Probe  
  56  6:36  Disruptor (Chrono Boost)  
  56  6:37  Probe  
  60  6:41  Probe  
  60  6:42  Nexus  
  61  6:47  Stalker  
  61  6:49  Probe  
  61  6:53  Probe  
  65  6:56  Stalker  
  65  7:01  Probe, Pylon  
  68  7:05  Probe  
  69  7:16  Disruptor (Chrono Boost)  
  72  7:23  Stalker x3  
  72  7:27  Pylon  
  72  7:53  Stalker x3  
  78  8:09  Disruptor (Chrono Boost)  
  75  8:18  Probe x2  
  70  8:20  Pylon  
  70  8:21  Probe  
  70  8:22  Pylon  
  70  8:24  Gateway  
  70  8:25  Observer, Gateway  
  71  8:28  Gateway  
  71  8:30  Probe x2, Gateway  
  73  8:36  Stalker  
  73  8:39  Probe  
  76  8:42  Probe x2  
  78  8:51  Probe  
  82  8:59  Stalker  

Tags
 
Add a new tag
Caveats
  • Supply blocks, unpowered buildings, or Contaminate may cause inaccurate times.
  • Supply counts are checked every 10 seconds.